 Dungeon Crawl Stone Soup version 0.26-a0-800-g517d6fe721 (webtiles) character file.

Game seed: 16241735422942401493

22299 Peloso the Fencer (level 12, -6/110 HPs)
             Began as a Minotaur Fighter on Nov 11, 2020.
             Engulfed by a cloud of flame (29 damage)
             ... while paralysed by an orc sorcerer
             ... on level 2 of the Orcish Mines.
             The game lasted 00:35:35 (14895 turns).

Peloso the Fencer (Minotaur Fighter)               Turns: 14895, Time: 00:35:36

Health: -6/110     AC: 30    Str: 30    XL:     12   Next: 61%
Magic:  11/11      EV:  2    Int:  5    God:
Gold:   63         SH:  0    Dex: 12    Spells: 11/11 levels left

rFire    . . .     SeeInvis .   a - +1 scimitar (elec)
rCold    . . .     Faith    .   c - +2 buckler
rNeg     + + .     Spirit   .   W - +12 plate armour of Dogma {Rampage rN++}
rPois    .         Reflect  +   R - +1 hat
rElec    .         Harm     .   (no cloak)
rCorr    .         Rampage  +   (no gloves)
MR       .....                  i - +1 pair of boots
Stlth    ..........             V - amulet of reflection
HPRegen  0.28/turn              T - +6 ring of strength
MPRegen  0.12/turn              y - +4 ring of slaying

@: paralysed
A: retaliatory headbutt, horns 2
a: no special abilities


You were on level 2 of the Orcish Mines.
You visited 3 branches of the dungeon, and saw 16 of its levels.
You also visited: Ossuary.

You collected 1377 gold pieces.
You spent 1314 gold pieces at shops.

Inventory:

Hand Weapons
 a - a +1 scimitar of electrocution (weapon)
 b - a +2 whip of flaming
 Q - the +9 flail "Xexines" {vorpal, rElec rPois rC++ Dex-3}
   (You found it on level 10 of the Dungeon)

   It inflicts extra damage upon your enemies.
   It affects your dexterity (-3).
   It greatly protects you from cold.
   It insulates you from electricity.
   It protects you from poison.
Armour
 c - a +2 buckler (worn)
 i - a +1 pair of boots (worn)
 R - a +1 hat (worn)
 U - a +0 plate armour of cold resistance
 W - the +12 plate armour of Dogma (worn) {Rampage rN++}
   (You bought it in a shop on level 2 of the Orcish Mines)

   It greatly protects you from negative energy.
   It bestows one free step when moving towards enemies.
Jewellery
 h - a +4 ring of protection
 s - an uncursed ring of see invisible
 x - an uncursed ring of poison resistance
 y - a +4 ring of slaying (right hand)
 A - an uncursed amulet of guardian spirit
 B - an uncursed ring of protection from cold
 F - an uncursed amulet of magic regeneration
 K - an uncursed amulet of the acrobat
 M - an uncursed ring of protection from fire
 T - a +6 ring of strength (left hand)
 V - an amulet of reflection (around neck)
Wands
 m - a wand of enslavement (11)
 J - a wand of digging (3)
 O - a wand of polymorph (7)
 P - a wand of flame (33)
 S - a wand of paralysis (8)
Scrolls
 e - 10 scrolls of amnesia
 f - 4 scrolls of fear
 j - 6 scrolls of remove curse
 k - 4 scrolls of noise {unknown}
 n - 2 scrolls of enchant armour
 o - a scroll of identify
 r - 2 scrolls of teleportation
 t - 2 scrolls of enchant weapon
 w - 2 scrolls of blinking
 C - 3 scrolls of fog
 D - 3 scrolls of magic mapping
Potions
 d - 5 potions of might
 l - a potion of berserk rage
 p - 7 potions of curing
 q - 4 potions of invisibility
 u - 2 potions of mutation
 v - 5 potions of heal wounds
 z - 2 potions of magic
 E - 5 potions of brilliance {unknown}
 G - 3 potions of haste {unknown}
 I - a potion of cancellation
 L - a potion of resistance
 N - 2 potions of ambrosia {unknown}


   Skills:
 + Level 11.2 Fighting
 + Level 15.0 Long Blades
 + Level 11.4 Armour
 + Level 2.8 Dodging
 + Level 1.0 Stealth
 + Level 12.7 Shields


You had 11 spell levels left.
You didn't know any spells.
Your spell library contained the following spells:

 Spells                   Type           Power        Failure   Level
 Sublimation of Blood     Necr           #.........   99%         2
 Ignite Poison            Fire/Tmut/Pois #.......     100%        3
 Petrify                  Tmut/Erth      #.......     100%        4
 Alistair's Intoxication  Tmut/Pois      #........    100%        5
 Irradiate                Conj/Tmut      #.........   100%        5
 Eringya's Noxious Bog    Tmut/Pois      #.........   100%        6


Dungeon Overview and Level Annotations

Branches:
Dungeon (13/15)            Temple (1/1) D:5            Lair (0/6) D:10
    Orc (2/2) D:12            Elf (0/3) Orc:2       Ossuary (visited)
 Vaults: D:13-14

Altars:
Dithmenos
Elyvilon
Fedhas
Gozag
Hepliaklqana
Kikubaaqudgha
Makhleb
Nemelex Xobeh
Qazlal
Ru
Sif Muna
Trog
Uskayaw
Vehumet
Wu Jian
Xom
Yredelemnul
Zin
Beogh

Shops:
D:8 (([**   D:11 [   Orc:2 *[!

Annotations:
D:4 2 transporters, Conn's ghost, amateur OpFE
D:10 exclusion: oklob plant


Innate Abilities, Weirdness & Mutations

You reflexively headbutt those who attack you in melee.
You have a pair of horns on your head.


Message History

The orc wizard goes into a battle-frenzy!
The orc wizard hits you but does no damage.
You are engulfed in blazing flames.
* * * LOW HITPOINT WARNING * * *
The orc warlord is engulfed in blazing flames.
Flame seeps out of the orc warlord.
The orc warlord roars a battlecry!
The orc goes into a battle-frenzy!
The orc wizard hits you with a +0 dagger.
* * * LOW HITPOINT WARNING * * *
You are engulfed in blazing flames.
The orc wizard hits you but does no damage.
The orc sorcerer mumbles some strange words.
The orc warlord is engulfed in blazing flames.
Flame seeps out of the orc warlord.
The orc warlord unwields a +2 dire flail of draining.
The orc warlord wields a +0 arbalest.
The orc warlord shoots a bolt.
The bolt hits you but does no damage.
You are engulfed in blazing flames.
You die...

............# #..##.#.#..
.....#.....## #...#####.#.......
....#......# #o§o#. #.........
...........# oo§§3 #.........
...........# #o§§# #.........
...........#####§8§# ###.........
...........#...#§3§#...#.........
...........#..oo§§§oo..#.......#.
...........# #@☼§# #.........
...........# ##§§§## #..#......
...........## #8.).8# ##.........
............###.).).###..........
..............##)''##............
.................................
................8.8..............
#####...........................)
# ##...........................


You could see an orc warlord (inner flame), a soul eater (summoned), a ynoxinul
(summoned), 2 orc sorcerers, 2 orc priests, an orc wizard (strong) and 3 orcs.

Vanquished Creatures
  Rupert (Orc:2)
  A centaur warrior (D:13)
  Harold (D:10)
  4 two-headed ogres
  An unseen horror (D:10)
  Pikel (D:4)
  An oklob plant (D:10)
  2 cyclopes
  An orc sorcerer (Orc:2)
  3 ugly things
  A troll (Orc:2)
  Sigmund (D:5)
  A vampire (D:11)
  10 yaks
  Eustachio (D:5)
  A soldier ant (D:11)
  2 water moccasins
  A black bear (D:8)
  5 sky beasts
  25 orc warriors
  2 phantoms
  4 ice beasts
  11 centaurs
  10 ogres
  2 big kobolds
  An elf zombie (Ossuary)
  6 bullfrogs
  A scorpion (D:12)
  26 killer bees
  6 wights
  5 bullfrog zombies
  2 centaur zombies
  22 orc priests
  3 bullfrog skeletons
  3 human zombies (Ossuary)
  6 hounds
  3 jellies
  A quasit (D:8)
  2 centaur skeletons
  2 gnoll shamans
  3 iguanas
  16 orc wizards
  12 worker ants
  A big kobold zombie (Ossuary)
  5 hound zombies
  3 hound skeletons
  3 mummies (Ossuary)
  10 gnolls
  13 adders
  4 shadow imps
  3 white imps
  An ufetubus (D:10)
  6 adder zombies
  2 worms
  4 dart slugs
  5 leopard geckos
  79 orcs
  5 giant cockroaches
  4 goblins
  8 hobgoblins
  7 jackals
  7 quokkas
  3 bats
  5 frilled lizards
  2 goblin zombies (Ossuary)
  10 hobgoblin zombies (Ossuary)
  3 jackal skeletons
  5 jackal zombies (Ossuary)
  9 kobolds
  2 kobold zombies (Ossuary)
  A leopard gecko zombie (D:7)
  2 quokka zombies
  9 rats
  A rat zombie (Ossuary)
435 creatures vanquished.

Vanquished Creatures (collateral kills)
  2 orcs (D:4)
2 creatures vanquished.

Vanquished Creatures (others)
  A sky beast (D:5)
  A centaur (D:11)
  A bullfrog (D:11)
  An orc (D:11)
  6 plants (D:3)
10 creatures vanquished.

Grand Total: 447 creatures vanquished

Notes
Turn   | Place    | Note
-------+----------+-------------------------------------------
     0 | D:1      | Peloso the Minotaur Fighter began the quest for the Orb.
     0 | D:1      | Reached XP level 1. HP: 19/19 MP: 0/0
   387 | D:1      | Reached XP level 2. HP: 27/27 MP: 1/1
   975 | D:2      | Reached skill level 3 in Long Blades
   975 | D:2      | Reached XP level 3. HP: 29/33 MP: 2/2
  1179 | D:2      | Noticed an ogre
  1740 | D:3      | Reached XP level 4. HP: 31/40 MP: 3/3
  2452 | D:4      | Reached XP level 5. HP: 46/47 MP: 4/4
  2455 | D:4      | Reached skill level 5 in Armour
  2480 | D:4      | Reached skill level 4 in Long Blades
  2500 | D:4      | Noticed Conn's ghost (amateur OpFE)
  2505 | D:4      | Found a transporter.
  2540 | D:4      | Found a sand-covered staircase.
  2551 | Ossuary  | Entered an ossuary
  2594 | Ossuary  | Reached skill level 5 in Long Blades
  2594 | Ossuary  | Reached XP level 6. HP: 55/55 MP: 5/5
  2711 | Ossuary  | Reached skill level 5 in Shields
  2725 | Ossuary  | Reached skill level 6 in Long Blades
  2907 | Ossuary  | Reached XP level 7. HP: 53/60 MP: 6/6
  2979 | D:4      | Noticed Pikel
  3004 | D:4      | Killed Pikel
  3004 | D:4      | Reached skill level 5 in Fighting
  3004 | D:4      | Reached skill level 7 in Long Blades
  3011 | D:4      | Reached XP level 8. HP: 60/68 MP: 7/7
  3100 | D:4      | Reached skill level 8 in Long Blades
  3610 | D:4      | Found a transporter.
  4008 | D:5      | Entered Level 5 of the Dungeon
  4254 | D:5      | Noticed Sigmund
  4261 | D:5      | Killed Sigmund
  4261 | D:5      | Reached skill level 9 in Long Blades
  4346 | D:5      | Found a staircase to the Ecumenical Temple.
  4350 | Temple   | Entered the Ecumenical Temple
  5053 | D:5      | Reached XP level 9. HP: 75/75 MP: 8/8
  5098 | D:5      | Noticed Eustachio
  5109 | D:5      | Killed Eustachio
  5109 | D:5      | Reached skill level 10 in Long Blades
  6311 | D:6      | Reached skill level 1 in Dodging
  7021 | D:7      | Reached skill level 11 in Long Blades
  7327 | D:7      | Found a stormy altar of Qazlal.
  7402 | D:7      | Reached XP level 10. HP: 83/84 MP: 9/9
  7618 | D:8      | Found Lutaq's Antique Weapon Shoppe.
  7696 | D:8      | Found Xuxzi's Antique Weapon Boutique.
  7881 | D:8      | Found a blossoming altar of Fedhas.
  7884 | D:8      | Found a shimmering altar of Xom.
  7966 | D:8      | Found an opulent altar of Gozag.
  7969 | D:8      | Found a sacrificial altar of Ru.
  8074 | D:8      | Found Urugul's Antique Armour Shoppe.
  8291 | D:8      | Found Loinuumu's Assorted Antiques.
  8298 | D:8      | Bought a scroll labelled CESIPH LUVEK for 30 gold pieces
  8752 | D:8      | Found Ampaeh's Assorted Antiques.
  8755 | D:8      | Bought a scroll of magic mapping for 77 gold pieces
  8755 | D:8      | Bought a glowing silver wand for 88 gold pieces
  8955 | D:9      | Found a burning altar of Makhleb.
  8961 | D:8      | Reached skill level 10 in Shields
  8977 | D:9      | Reached skill level 12 in Long Blades
  9973 | D:10     | Entered Level 10 of the Dungeon
  9990 | D:10     | Found a staircase to the Lair.
  9990 | D:10     | Noticed an oklob plant
 10005 | D:10     | Noticed Harold
 10015 | D:10     | Killed Harold
 10171 | D:10     | Reached XP level 11. HP: 95/95 MP: 10/10
 10218 | D:10     | Reached skill level 13 in Long Blades
 10230 | D:10     | Got a faintly glowing flail
 10231 | D:10     | Identified the +9 flail "Xexines" {vorpal, rElec rPois rC++
                  | Dex-3} (You found it on level 10 of the Dungeon)
 10404 | D:10     | Noticed an oklob plant
 10688 | D:10     | Killed an unseen horror
 11019 | D:11     | Noticed a white ugly thing
 11027 | D:11     | Killed a white ugly thing
 11027 | D:11     | Reached skill level 10 in Armour
 11433 | D:11     | Noticed a white ugly thing
 11440 | D:11     | Killed a white ugly thing
 11477 | D:11     | Found Taaxij's Antique Armour Boutique.
 11682 | D:11     | Found a shimmering altar of Xom.
 11964 | D:12     | Reached skill level 14 in Long Blades
 12057 | D:12     | Found a staircase to the Orcish Mines.
 12157 | D:12     | Noticed a two-headed ogre
 12165 | D:12     | Killed a two-headed ogre
 12321 | D:12     | Noticed a purple ugly thing
 12331 | D:12     | Killed a purple ugly thing
 12589 | D:10     | Killed an oklob plant
 12589 | D:10     | Reached skill level 10 in Fighting
 12589 | D:10     | Reached skill level 1 in Stealth
 12892 | D:13     | Noticed an orc knight
 12894 | D:13     | Noticed a two-headed ogre
 12908 | D:13     | Killed a two-headed ogre
 12908 | D:13     | Reached XP level 12. HP: 51/106 MP: 11/11
 13229 | D:13     | Noticed a centaur warrior
 13232 | D:13     | Noticed a two-headed ogre
 13235 | D:13     | Killed a centaur warrior
 13242 | D:13     | Killed a two-headed ogre
 13292 | D:13     | Noticed a two-headed ogre
 13310 | D:13     | Killed a two-headed ogre
 13488 | Orc:1    | Entered Level 1 of the Orcish Mines
 13753 | Orc:2    | Entered Level 2 of the Orcish Mines
 13761 | Orc:2    | Found Kogid's General Store.
 14055 | Orc:2    | Noticed Rupert
 14055 | Orc:2    | Paralysed by Rupert for 2 turns
 14060 | Orc:2    | Found a staircase to the Elven Halls.
 14068 | Orc:2    | Killed Rupert
 14068 | Orc:2    | Reached skill level 15 in Long Blades
 14188 | Orc:2    | Paralysed by an orc sorcerer for 3 turns
 14335 | Orc:2    | Found a roughly hewn altar of Beogh.
 14386 | Orc:2    | Found a roughly hewn altar of Beogh.
 14386 | Orc:2    | Found Mexazo's Distillery.
 14486 | Orc:2    | Bought a potion of mutation for 120 gold pieces
 14486 | Orc:2    | Bought a potion of heal wounds for 75 gold pieces
 14634 | Orc:2    | Found a roughly hewn altar of Beogh.
 14652 | Orc:2    | Found Kytuos's Antique Armour Emporium.
 14700 | Orc:2    | Bought a glimmering plate armour for 924 gold pieces
 14712 | Orc:2    | Identified the +12 plate armour of Dogma {Rampage rN++}
                  | (You bought it in a shop on level 2 of the Orcish Mines)
 14886 | Orc:2    | Noticed an orc warlord
 14890 | Orc:2    | Paralysed by an orc sorcerer for 6 turns
 14895 | Orc:2    | Engulfed by a cloud of flame

Illustrated notes

Levels and vault maps discovered:
D:1:      minmay_arrival_semitransparent, layout_basic
D:2:      layout_basic, minmay_cut_off
D:3:      layout_loops_ring, minmay_misc_feat_cross, kennysheep_another_room,
          serial_bayou_lake_a
D:4:      layout_loops_ring, enter_ossuary_1, gammafunk_ghost_arena,
          minmay_fractal_squares_diagonal_5, uniq_pikel
D:5:      layout_rooms, temple_hall_moat, grunt_decor_fettered, uniq_eustachio,
          uniq_sigmund
D:6:      layout_loops_corners, minmay_misc_feat_rugged,
          eino_small_chamber_without_monster
D:7:      layout_loops_cross, nicolae_overflow_hidden_temple
D:8:      layout_layer_cave, grunt_temple_overflow_cloverleaf, serial_shops,
          shop, shop, nicolae_shop_window_shopping, kennysheep_mini_moat, shop
D:9:      layout_irregular_city, bloody_makhleb
D:10:     layout_roguey, dpeg_oklobed_lair, uniq_harold
D:11:     layout_roguey, serial_shops, nicolae_shop_trees, xom_confusion_cloud
D:12:     layout_cave_pools, orc_0_dummy
D:13:     layout_layer_cave, grunt_vaults_entry_fortified, basic_altar,
          nemelex_xobeh_ov_fountains_minmay, uniq_jorgrun, uniq_erolcha
Temple:   minmay_temple_forest_path
Orc:1:    orc_temple, layout_diamond_mine, uniq_fannar, uniq_gastronok
Orc:2:    grunt_orc_community_town_hall, layout_diamond_mine,
          grunt_orc_community_big_house_2, grunt_orc_community_big_house_1,
          grunt_orc_community_house_2, grunt_orc_community_house_3,
          grunt_orc_community_house_1, grunt_orc_community_house_2,
          serial_shops, shop, uniq_rupert

Skill      XL: |  1  2  3  4  5  6  7  8  9 10 11 12 |
---------------+-------------------------------------+-----
Fighting       | 4 5 6 8 10 11 | 11.2
Long Blades    | 3 5 6 7 9 11 12 14 15 | 15.0
Armour         | 4 5 6 8 9 10 11 | 11.4
Shields        | 4 5 6 8 9 10 11 12 | 12.7
Dodging        | 1 2 |  2.8
Stealth        | 1 |  1.0

Action                   |  1- 3 |  4- 6 |  7- 9 | 10-12 || total
-------------------------+-------+-------+-------+-------++-------
Melee: Long sword        |    67 |   222 |   201 |       ||   490
       Headbutt          |    18 |    50 |    62 |   116 ||   246
       Scimitar          |       |       |   106 |   461 ||   567
Evoke: Wand              |       |     1 |       |       ||     1
  Use: Scroll            |     1 |     5 |     6 |     9 ||    21
       Potion            |     2 |       |     2 |     1 ||     5
Armor: Scale mail        |     6 |       |       |       ||     6
       Plate armour      |    19 |   133 |   139 |   175 ||   466
Dodge: Dodged            |     9 |    34 |    51 |   201 ||   295
Block: Kite shield       |    23 |   109 |    97 |       ||   229
       Buckler           |       |       |    40 |   266 ||   306
       Reflection        |       |       |       |    17 ||    17
       Rpst.: Long sword |       |    11 |     3 |       ||    14
       Scimitar          |       |       |     9 |    46 ||    55

Table legend: (Time is in decaauts)
 A = Elapsed time spent in this place.
 B = Non-inter-level travel time spent in this place.
 C = Inter-level travel time spent in this place.
 D = Time resting spent in this place.
 E = Time spent auto-exploring this place.
 F = Levels seen in this place.
 G = Mean time per level.
                   A        B        C        D        E       F      G
               +--------+--------+--------+--------+--------+-----+--------+
         Total |  14880 |  14445 |    435 |    943 |  10238 |  17 |  875.3 |
       Dungeon |  12602 |  12213 |    389 |    943 |   8607 |  13 |  969.4 |
        Temple |    473 |    427 |     46 |      0 |    366 |   1 |  473.0 |
  Orcish Mines |   1372 |   1372 |      0 |      0 |   1104 |   2 |  686.0 |
       Ossuary |    432 |    432 |      0 |      0 |    161 |   1 |  432.0 |
               +--------+--------+--------+--------+--------+-----+--------+

Top non-repeatable levels by time:
    D:10: 1537 daAuts
     D:8: 1338 daAuts
     D:6: 1266 daAuts
     D:7: 1177 daAuts
   Orc:2: 1113 daAuts
     D:1: 1086 daAuts
     D:9: 990 daAuts
     D:3: 948 daAuts
     D:4: 892 daAuts
     D:2: 770 daAuts
    D:11: 724 daAuts
     D:5: 673 daAuts
    D:12: 632 daAuts
    D:13: 562 daAuts
  Temple: 473 daAuts
